 Dungeon Crawl Stone Soup version 0.31-a0-986-g5e6e4ef867 (webtiles) character file.

Game seed: 2938119531931546570

53 Jeffwins the Ruffian (level 3, -1/11 HPs)
             Began as a Vine Stalker Shapeshifter on Nov 13, 2023.
             Slain by Grinder (3 damage)
             ... on level 4 of the Dungeon.
             The game lasted 00:02:03 (2134 turns).

Jeffwins the Ruffian (Vine Stalker Shapeshifter)    Turns: 2134, Time: 00:02:04

Health: -1/11      AC:  2    Str: 16    XL:     3   Next: 89%
Magic:  0/4        EV: 12    Int: 12    God:
Gold:   164        SH:  0    Dex: 13    Spells: 0/2 levels left

rFire   . .          .
                       - Unarmed
rCold   . . .        (shield currently unavailable)
rNeg    . . .        a - +0 animal skin
rPois   .            (no helmet)
rElec   .            (no cloak)
rCorr   .            (no gloves)
SInv    .            (no boots)
Will    .....        (no amulet)
Stlth   +            (no ring)
HPRegen 1.01/turn    (no ring)
MPRegen 0.09/turn

%: guardian spirit
@: flux-form, glowing
A: glow, contaminating, reduced hp, fangs 2, regeneration 1, magic shield,
antimagic bite, no potion heal 2
a: Begin Untransformation


You were on level 4 of the Dungeon.
You were something dangerously unstable.
You visited 1 branch of the dungeon, and saw 4 of its levels.

You collected 164 gold pieces.


Innate Abilities, Weirdness & Mutations

You are something dangerously unstable.
You glow with magical radiation, making you easy to see and hit.
Foes you strike become dangerously contaminated with magical radiation.
Your maximum health is decreased, since you lack skill for your form.
You are incapable of wielding weapons or throwing items.
You have extremely sharp teeth.
Your natural rate of healing is unusually fast.
When hurt, damage is shared between your health and your magic reserves.
Your bite disrupts and absorbs the magic of your enemies.
Potions cannot restore your health.


   Skills:
 + Level 1.2 Fighting
 + Level 2.0 Dodging
 + Level 1.7 Stealth
 * Level 3.6 Unarmed Combat
 + Level 0.0 Spellcasting
 + Level 0.1 Transmutations
 + Level 3.2 Shapeshifting


You couldn't memorise any spells.
You knew the following spells:

 Your Spells              Type           Power      Damage    Failure   Level
X - Wereblood             Tmut           0%         N/A       43%         2

Your spell library contained the following spells:

 Spells                   Type           Power      Damage    Failure   Level
 Sublimation of Blood     Necr           0%         N/A       45%         2
 Summon Hydra             Summ           0%         N/A       100%        7

Inventory:

Hand Weapons
 r - a +2 dagger of venom
Armour
 a - a +0 animal skin (worn)
 i - a +0 cloak
Magical Staves
 h - a staff of poison
Jewellery
 I - a +6 ring of intelligence
Talismans
 c - a beast talisman
 d - a flux talisman (active)
Scrolls
 f - 3 scrolls of identify {unknown}
 g - a scroll of teleportation {unknown}
 l - a scroll of poison {unknown}
 o - a scroll of vulnerability {unknown}
 q - a scroll of blinking {unknown}
Potions
 b - a potion of lignification {!q}
 e - 2 potions of curing {unknown}
 j - a potion of attraction {unknown}
 k - a potion of brilliance {unknown}
 m - a potion of heal wounds {unknown}
 n - a potion of degeneration {unknown}
 p - a potion of ambrosia {unknown}

Dungeon Overview and Level Annotations

Branches:
Dungeon (4/15)
 Temple: D:4-7

Altars:
Dithmenos
Nemelex Xobeh
Vehumet

Annotations:
D:4 Grinder, Sigmund

.# .# .# ###.#
.## #.... ..#
.##.#.###..#
..#.#.##.5@#
#.#.#.##p#
#.#.#.##.#
#.#<..##.# #
#.#......#
#.##.....####
#.............
####..#######.
............#
##.##...###+#


You could see Grinder (misshapen, magic disrupted) and Sigmund.


Message History

* * * LOW HITPOINT WARNING * * *
Unknown command.
You hit Grinder.
Grinder begins to glow.
Your bite misses Grinder.
Grinder is moderately wounded.
Grinder barely misses you.
Unknown command.
You barely miss Grinder.
Grinder is moderately wounded.
Grinder gestures at you. Pain shoots through your body!
* * * LOW HITPOINT WARNING * * *
Unknown command.
You hit Grinder.
Grinder glows dangerously bright.
Grinder is heavily wounded.
Grinder hits you.
* * * LOW HITPOINT WARNING * * *
You writhe in agony.
* * * LOW HITPOINT WARNING * * *
Unknown command.
You hit Grinder but do no damage.
Grinder shudders as magic cascades through her.
Grinder twists and deforms.
Grinder is heavily wounded.
You hear a shout!
Sigmund the Dreaded comes into view.
He is wielding a +0 scythe.
Grinder hits you.
* * * LOW HITPOINT WARNING * * *
You writhe in agony.
You die...
Grinder says, "Now the real fun starts!"

Skill      XL: |  1  2  3 |
---------------+----------+-----
Fighting       | 1 |  1.2
Stealth        | 1 |  1.7
Dodging        | 2 |  2.0
Unarmed Combat | |  3.6
Transmutations | |  0.1
Shapeshifting  | |  3.2

Action                     || total
---------------------------++-------
  Melee: Unarmed           ||   102
         Bite              ||    15
         Punch             ||     3
   Stab: Sleeping          ||     3
 Armour: Animal skin       ||    45
  Dodge: Dodged            ||    64
   Form: Flux              ||     1

Levels and vault maps discovered:
D:1:      saegor_arrival_under_anarchy, layout_basic
D:2:      layout_rooms, serial_rivers, chequers_serial_rivers_micro_c,
          chequers_serial_rivers_large_a, chequers_serial_rivers_micro_a,
          chequers_serial_rivers_small_3, chequers_serial_rivers_room_b,
          chequers_serial_rivers_large_b, minmay_box_of_dots
D:3:      layout_loops_corners, minitemple, nicolae_overflow_crystal_walls,
          minmay_cupped
D:4:      layout_basic, temple_statues, uniq_sigmund, uniq_grinder

Notes
Turn   | Place    | Note
-------+----------+-------------------------------------------
     0 | D:1      | Jeffwins the Vine Stalker Shapeshifter began the quest for
                  | the Orb.
     0 | D:1      | Reached XP level 1. HP: 9/9 MP: 2/2
   281 | D:1      | Reached skill level 1 in Fighting
   350 | D:1      | Reached XP level 2. HP: 13/14 MP: 3/3
   519 | D:1      | Reached skill level 1 in Stealth
   754 | D:2      | Reached XP level 3. HP: 18/18 MP: 4/4
  1301 | D:3      | Found a radiant altar of Vehumet.
  1510 | D:3      | Found a sparkling altar of Nemelex Xobeh.
  1519 | D:3      | Found a shadowy altar of Dithmenos.
  1821 | D:3      | Learned a level 2 spell: Wereblood
  1931 | D:3      | Reached skill level 2 in Dodging
  2120 | D:4      | Noticed Grinder
  2134 | D:4      | Noticed Sigmund
  2134 | D:4      | Slain by Grinder

Vanquished Creatures
  A dart slug (D:1)
  An orc (D:3)
  10 bats
  4 endoplasms
  A giant cockroach (D:3)
  3 goblins
  4 jackals (D:1)
  2 quokkas
  6 ball pythons
  3 frilled lizards
  9 kobolds
  5 rats
49 creatures vanquished.

Table legend: (Time is in decaauts)
 A = Elapsed time spent in this place.
 B = Non-inter-level travel time spent in this place.
 C = Inter-level travel time spent in this place.
 D = Time resting spent in this place.
 E = Time spent auto-exploring this place.
 F = Levels seen in this place.
 G = Mean time per level.
                   A        B        C        D        E       F      G
               +--------+--------+--------+--------+--------+-----+--------+
         Total |   2190 |   2120 |     70 |      0 |   1791 |   4 |  547.5 |
       Dungeon |   2190 |   2120 |     70 |      0 |   1791 |   4 |  547.5 |
               +--------+--------+--------+--------+--------+-----+--------+

Top non-repeatable levels by time:
     D:3: 836 daAuts
     D:1: 693 daAuts
     D:2: 620 daAuts
     D:4: 41 daAuts

Table legend:
 A = Non-vault XP
 B = Vault XP
 C = Vault XP percentage of total XP
 D = Non-vault monster count
 E = Vault monster count
 F = Vault count percentage of total count
                 A         B        C        D         E       F
            +---------+---------+-------+---------+---------+-------
      Total |      66 |      11 |  14.3 |      43 |       6 |  12.2
            +---------+---------+-------+---------+---------+-------
        D:1 |      28 |       0 |   0.0 |      18 |       0 |   0.0
        D:2 |      16 |       3 |  15.8 |      11 |       2 |  15.4
        D:3 |      20 |       8 |  28.6 |      13 |       4 |  23.5
        D:4 |       2 |       0 |   0.0 |       1 |       0 |   0.0
            +---------+---------+-------+---------+---------+-------
